 Dungeon Crawl Stone Soup version 0.22.1-1-ga44c0e56f4 (webtiles) character file.

2489 Peloso the Carver (level 9, -5/75 HPs)
             Began as a Minotaur Fighter on Sept 21, 2018.
             Was a Follower of Okawaru.
             Splashed by a jelly's acid (7 damage)
             ... on level 6 of the Dungeon.
             The game lasted 00:12:26 (4956 turns).

Peloso the Carver (Minotaur Fighter)                Turns: 4956, Time: 00:12:27

Health: -5/75      AC: -2    Str: 27    XL:     9   Next: 27%
Magic:  8/8        EV:  7    Int:  5    God:    Okawaru [*.....]
Gold:   311        SH: 12    Dex: 12    Spells: 8/8 levels left

rFire    . . .     SeeInvis .   a - +0 falchion (holy)
rCold    . . .     Gourm    .   c - +0 shield
rNeg     . . .     Faith    .   b - +0 plate armour
rPois    .         Spirit   .   (helmet restricted)
rElec    .         Reflect  .   o - scarf {repulsion}
rCorr    .         Harm     .   (no gloves)
MR       .....                  (no boots)
Stlth    ..........             (no amulet)
HPRegen  0.22/turn              x - +2 ring of strength
MPRegen  0.11/turn              n - +3 ring of strength

@: corroded, repel missiles
A: retaliatory headbutt, horns 2
a: Heroism, Renounce Religion


You were on level 6 of the Dungeon.
You worshipped Okawaru.
Okawaru was aware of your devotion.
You were very hungry.

You visited 2 branches of the dungeon, and saw 7 of its levels.
You also visited: Ossuary.

You collected 311 gold pieces.

Inventory:

Hand Weapons
 a - a +0 falchion of holy wrath (weapon)
Armour
 b - a +0 plate armour (worn)
 c - a +0 shield (worn)
 o - a scarf of repulsion (worn)
 v - a +0 cloak
Jewellery
 k - an uncursed ring of protection from fire
 n - a +3 ring of strength (right hand)
 x - a +2 ring of strength (left hand)
Wands
 l - a wand of iceblast (8)
Scrolls
 e - 2 scrolls of teleportation
 i - 9 scrolls of identify
 r - a scroll of random uselessness {unknown}
 t - a scroll of amnesia {unknown}
 w - a scroll of fear
 y - a scroll of remove curse
 C - a scroll of magic mapping {unknown}
Potions
 d - 4 potions of might
 g - 2 potions of heal wounds
 h - 2 potions of brilliance {unknown}
 j - 2 potions of curing {unknown}
 m - 3 potions of mutation {unknown}
 p - a potion of resistance {unknown}
 q - a potion of lignification {unknown}
 s - 2 potions of berserk rage {unknown}
 u - 2 potions of haste {unknown}
 z - a potion of flight {unknown}
 A - a potion of invisibility {unknown}
Comestibles
 f - 7 rations


   Skills:
 + Level 6.1 Fighting
 + Level 9.4 Long Blades
 + Level 7.4 Armour
 + Level 2.0 Dodging
 + Level 9.2 Shields


You had 8 spell levels left.
You didn't know any spells.
Your spell library contained the following spells:

 Spells                   Type           Power        Failure   Level  Hunger
 Magic Dart               Conj           #...         100%        1    ##.....
 Blink                    Tloc           N/A          100%        2    ###....
 Call Imp                 Summ           #.......     100%        2    ###....
 Slow                     Hex            #.......     100%        2    ###....
 Conjure Flame            Conj/Fire      #.......     100%        3    ####...
 Mephitic Cloud           Conj/Pois/Air  #.......     100%        3    ####...


Dungeon Overview and Level Annotations

Branches:
Dungeon (6/15)             Temple (1/1) D:4

Altars:
Ashenzari
Dithmenos
Fedhas
Hepliaklqana
Kikubaaqudgha
Makhleb
Nemelex Xobeh
Okawaru
Qazlal
Sif Muna
Vehumet
Wu Jian
Xom
Yredelemnul
The Shining One

Shops:
D:5 [


Innate Abilities, Weirdness & Mutations

You reflexively headbutt those who attack you in melee.
You have a pair of horns on your head.


Message History

The jelly is moderately wounded.
You hit the jelly.
Your hands burn!
* * * LOW HITPOINT WARNING * * *
The jelly is moderately wounded.
The jelly hits you.
* * * LOW HITPOINT WARNING * * *
You are splashed with acid!
The acid burns!
* * * LOW HITPOINT WARNING * * *
Your shield and plate armour prevent you from hitting the jelly.
You headbutt the jelly, but do no damage.
The jelly is moderately wounded.
You block the jelly's attack.
Unknown command.
You hit the jelly but do no damage. The acid corrodes you!
Your hands burn!
* * * LOW HITPOINT WARNING * * *
The jelly is moderately wounded.
The jelly hits you.
* * * LOW HITPOINT WARNING * * *
The acid corrodes you!
You are splashed with acid!
The acid burns!
You die...

###.######.P.PJP.P.
#.# #...÷÷PJJ.
###.######.....J.P.
........##...JJP.PJ
........##...P.PJP.
.##.....# #'#######
..#.##..#
##...†..##
....##.##
########.# ....##.#
#....'@J##
....##.####....####
....#....##.......#
......#####.......#
...##.# #(......#
...##.# #.......#
##.##.# ##..(..##
#....#######)†.##
###[.....###()(##


You could see a jelly.

Vanquished Creatures
  3 slime creatures (D:6)
  An ice beast (D:5)
  A phantom (D:5)
  A centaur (D:5)
  8 big kobolds
  An elf zombie (Ossuary)
  A scorpion (D:5)
  A crimson imp (D:5)
  2 centaur zombies (Ossuary)
  2 orc priests (D:4)
  3 jellies (D:6)
  4 hounds
  Crazy Yiuf (D:5)
  2 iguanas (D:5)
  4 worker ants
  2 orc wizards (D:4)
  A big kobold zombie (Ossuary)
  2 mummies (Ossuary)
  A hound skeleton (D:5)
  3 gnolls (D:3)
  A howler monkey skeleton (D:5)
  10 adders
  7 oozes
  An adder skeleton (D:6)
  3 adder zombies
  4 worms
  9 dart slugs
  2 leopard geckos
  10 orcs
  10 bats
  2 giant cockroaches
  7 goblins
  11 hobgoblins
  14 jackals
  3 quokkas
  A ball python (D:1)
  A ball python skeleton (D:5)
  5 frilled lizards
  2 goblin zombies (Ossuary)
  12 hobgoblin zombies (Ossuary)
  A jackal skeleton (D:5)
  44 kobolds
  7 kobold zombies (Ossuary)
  9 orc zombies (Ossuary)
  7 rats
  2 rat zombies (Ossuary)
  A plant (D:2)
230 creatures vanquished.

Vanquished Creatures (others)
  5 fungi (D:6)
  3 toadstools (D:6)
8 creatures vanquished.

Grand Total: 238 creatures vanquished

Notes
Turn   | Place    | Note
-------+----------+-------------------------------------------
     0 | D:1      | Peloso the Minotaur Fighter began the quest for the Orb.
     0 | D:1      | Reached XP level 1. HP: 19/19 MP: 0/0
    83 | D:1      | Reached XP level 2. HP: 24/27 MP: 1/1
   331 | D:1      | Reached XP level 3. HP: 32/33 MP: 2/2
   807 | D:2      | Reached skill level 5 in Shields
   807 | D:2      | Reached XP level 4. HP: 39/40 MP: 3/3
  1485 | D:3      | Found a blossoming altar of Fedhas.
  1504 | D:3      | Reached XP level 5. HP: 46/46 MP: 4/4
  1776 | D:3      | Found a faded altar of an unknown god.
  2008 | D:3      | Reached skill level 5 in Armour
  2008 | D:3      | Reached XP level 6. HP: 48/53 MP: 5/5
  2248 | D:3      | Reached skill level 5 in Long Blades
  2304 | D:3      | Reached skill level 1 in Dodging
  2304 | D:3      | Reached XP level 7. HP: 32/60 MP: 6/6
  2533 | D:3      | Reached skill level 5 in Fighting
  2940 | D:4      | Found a sand-covered staircase.
  3006 | Ossuary  | Entered an ossuary
  3499 | D:4      | Reached XP level 8. HP: 59/68 MP: 7/7
  3701 | D:4      | Found a staircase to the Ecumenical Temple.
  3793 | Temple   | Entered the Ecumenical Temple
  3798 | Temple   | Became a worshipper of Warmaster Okawaru
  3841 | D:5      | Entered Level 5 of the Dungeon
  4181 | D:5      | Found a runed door.
  4304 | D:5      | Reached * piety under Okawaru
  4349 | D:5      | Found Imitzeq's Antique Armour Shoppe.
  4672 | D:5      | Noticed Crazy Yiuf
  4679 | D:5      | Killed Crazy Yiuf
  4890 | D:6      | Noticed a slime creature
  4890 | D:6      | Noticed a slime creature
  4890 | D:6      | Noticed a slime creature
  4910 | D:6      | Killed a slime creature
  4910 | D:6      | Reached XP level 9. HP: 51/75 MP: 8/8
  4951 | D:6      | HP: 3/75 [acid (4)]
  4956 | D:6      | HP: 3/75 [acid (5)]
  4956 | D:6      | Splashed by a jelly's acid

Skill      XL: |  1  2  3  4  5  6  7  8  9 |
---------------+----------------------------+-----
Fighting       | 4 5 6 |  6.1
Shields        | 4 5 6 7 8 9 |  9.2
Armour         | 4 5 6 7 |  7.4
Long Blades    | 4 5 6 8 9 |  9.4
Dodging        | 1 2 |  2.0

Action                   |  1- 3 |  4- 6 |  7- 9 || total
-------------------------+-------+-------+-------++-------
Melee: Long sword        |    71 |       |       ||    71
       Headbutt          |    10 |    55 |   106 ||   171
       Falchion          |    12 |   210 |   381 ||   603
  Use: Scroll            |       |       |     9 ||     9
       Potion            |       |       |     1 ||     1
  Eat: Chunk             |       |     4 |     9 ||    13
Armor: Scale mail        |    50 |       |       ||    50
       Chain mail        |    11 |   120 |   145 ||   276
       Plate armour      |       |       |    28 ||    28
Dodge: Dodged            |    38 |    70 |    93 ||   201
Block: Shield            |    61 |   136 |   189 ||   386
       Rpst.: Long sword |     8 |       |       ||     8
       Falchion          |     1 |    20 |    18 ||    39
